 Dungeon Crawl Stone Soup version 0.25.0-9-g26727b657a (webtiles) character file.

Game seed: 16204446953426749929

5621 Dirian the Carver (level 10, -10/86 HPs)
             Began as a Minotaur Fighter on June 17, 2020.
             Was a High Priest of Makhleb.
             Mangled by a komodo dragon (20 damage)
             ... on level 9 of the Dungeon.
             The game lasted 00:15:12 (8461 turns).

Dirian the Carver (Minotaur Fighter)                Turns: 8461, Time: 00:15:13

Health: -10/86     AC: 14    Str: 24    XL:     10   Next: 45%
Magic:  9/9        EV:  7    Int:  5    God:    Makhleb [*****.]
Gold:   135        SH: 12    Dex: 10    Spells: 9/9 levels left

rFire    + + .     SeeInvis .   a - +1 long sword
rCold    . . .     Gourm    .   c - +1 kite shield
rNeg     . . .     Faith    .   H - +2 chain mail {rF+}
rPois    +         Spirit   .   (helmet restricted)
rElec    .         Reflect  .   (no cloak)
rCorr    .         Harm     .   (no gloves)
MR       .....                  v - +1 pair of boots
Stlth    ..........             (no amulet)
HPRegen  0.24/turn              m - ring of protection from fire
MPRegen  0.11/turn              b - ring of poison resistance

@: very slightly contaminated, drained
A: retaliatory headbutt, horns 2
a: Minor Destruction, Lesser Servant of Makhleb, Major Destruction, Greater
Servant of Makhleb, Renounce Religion


You were on level 9 of the Dungeon.
You worshipped Makhleb.
Makhleb was extremely pleased with you.
You were hungry.

You visited 1 branch of the dungeon, and saw 9 of its levels.
You also visited: Sewer and Ossuary.

You collected 521 gold pieces.
You spent 386 gold pieces at shops.

Inventory:

Hand Weapons
 a - a +1 long sword (weapon)
 I - the +6 dagger of Fimbulwinter {flame, Str+4 Int+9}
   (You found it on level 7 of the Dungeon)

   It has been specially enchanted to burn those struck by it, causing extra
   injury to most foes and up to half again as much damage against particularly
   susceptible opponents.
   It affects your strength (+4).
   It affects your intelligence (+9).
Armour
 c - a +1 kite shield (worn)
 v - a +1 pair of boots (worn)
 H - a +2 chain mail of fire resistance (worn)
Jewellery
 b - a ring of poison resistance (right hand)
 m - a ring of protection from fire (left hand)
Wands
 i - a wand of flame (12)
 p - a wand of disintegration (15)
 A - a wand of enslavement (6)
 B - a wand of polymorph (13)
 D - a wand of iceblast (9)
Scrolls
 k - a scroll of immolation
 n - 3 scrolls of fear
 r - 3 scrolls of identify
 t - 3 scrolls of teleportation
 w - a scroll of fog
 x - 5 scrolls of remove curse
 y - a scroll of vulnerability {unknown}
 z - a scroll of blinking
 E - a scroll of enchant weapon
 F - a scroll of magic mapping
 G - a scroll of enchant armour
Potions
 d - 4 potions of might
 f - 2 potions of invisibility
 g - 2 potions of flight
 h - a potion of haste
 j - 3 potions of mutation
 l - 2 potions of heal wounds {unknown}
 o - a potion of lignification
 q - 4 potions of curing
 s - 2 potions of brilliance {unknown}
 u - 3 potions of cancellation
 C - 2 potions of degeneration {unknown}
Comestibles
 e - 7 rations
 J - 6 chunks of flesh


   Skills:
 + Level 7.1(6.3) Fighting
 * Level 13.3(12.3) Long Blades
 + Level 7.9(7.0) Armour
 + Level 9.7(8.8) Shields


You had 9 spell levels left.
You didn't know any spells.
Your spell library was empty.

Dungeon Overview and Level Annotations

Branches:
Dungeon (8/15)             Temple (0/1) D:7           Sewer (visited)
Ossuary (visited)
   Lair: D:8-11

Altars:
Hepliaklqana
Makhleb
Nemelex Xobeh

Shops:
D:5 *   D:7 [:


Innate Abilities, Weirdness & Mutations

You reflexively headbutt those who attack you in melee.
You have a pair of horns on your head.


Message History

Blink to where?
Press: ? - help, Dir - move target cursor You are very lightly contaminated with residual magic.
As you read the scroll of blinking, it crumbles to dust.
Your surroundings suddenly seem different.
You block the komodo dragon's attack.
Found an amethyst potion and a ration.
Found a stone staircase leading down.
A komodo dragon comes into view.
You see here an amethyst potion.
You see here a ration.
Found a stone staircase leading down.
Found 27 arrows.
There is a stone staircase leading down here.
Found a stone staircase leading up.
You see here 27 arrows.
You block the komodo dragon's attack.
There is a stone staircase leading up here.
There is a stone staircase leading up here.
The komodo dragon bites you!!
You die...

..# #...#.###.#
#...#.........#
#..#.#.......#
#........#.#.#
#.........(.#
####........#.##
........>....#####
#.#....##.##....#
#.........##@##.#
....#..#.####..l..#
### #...........###
####.#.####...#
#...%...# #####
#.##.#..# # #....#
#...## #!..#


You could see a komodo dragon.

Vanquished Creatures
  Grinder (Sewer)
  A hornet (D:7)
  Sigmund (D:2)
  Menkaure (D:4)
  2 orc warriors
  A sky beast (D:5)
  4 ice beasts
  A phantom (D:6)
  5 centaurs
  An ogre (D:6)
  2 big kobolds
  3 bullfrogs
  A gnoll sergeant (D:6)
  4 scorpions
  16 killer bees
  6 wights
  4 howler monkeys
  3 crimson imps
  2 centaur zombies
  A bullfrog zombie (D:5)
  9 hounds
  2 jellies
  3 quasits
  2 human zombies (Ossuary)
  10 orc priests
  4 iguanas
  10 orc wizards
  7 worker ants
  A killer bee zombie (D:7)
  4 hound zombies
  4 mummies (Ossuary)
  2 worker ant zombies (D:7)
  9 gnolls
  7 adders
  4 shadow imps
  2 ufetubi (Sewer)
  2 oozes
  An adder skeleton (D:5)
  2 adder zombies
  2 worms
  5 dart slugs
  9 leopard geckos
  22 orcs
  11 bats
  8 giant cockroaches
  A gnoll zombie (Ossuary)
  10 goblins
  11 hobgoblins
  18 jackals
  33 kobolds
  5 quokkas
  4 ball pythons
  6 frilled lizards
  2 giant cockroach zombies
  2 goblin zombies (Ossuary)
  2 hobgoblin zombies (Ossuary)
  A jackal skeleton (D:7)
  3 kobold zombies
  9 rats
  A plant (D:6)
310 creatures vanquished.

Vanquished Creatures (others)
  An ooze (Sewer)
  4 plants (D:9)
5 creatures vanquished.

Grand Total: 315 creatures vanquished

Notes
Turn   | Place    | Note
-------+----------+-------------------------------------------
     0 | D:1      | Dirian the Minotaur Fighter began the quest for the Orb.
     0 | D:1      | Reached XP level 1. HP: 19/19 MP: 0/0
    78 | D:1      | Reached XP level 2. HP: 27/27 MP: 1/1
   381 | D:1      | Reached skill level 3 in Long Blades
   445 | D:1      | Reached XP level 3. HP: 18/33 MP: 2/2
  1215 | D:2      | Found a burning altar of Makhleb.
  1271 | D:2      | Reached XP level 4. HP: 40/40 MP: 3/3
  1287 | D:2      | Reached skill level 4 in Long Blades
  1342 | D:2      | Noticed Sigmund
  1366 | D:2      | Killed Sigmund
  1366 | D:2      | Reached skill level 5 in Long Blades
  1366 | D:2      | Reached skill level 5 in Shields
  1366 | D:2      | Reached XP level 5. HP: 20/47 MP: 4/4
  1644 | D:2      | Reached XP level 6. HP: 53/53 MP: 5/5
  1879 | D:2      | Found a burning altar of Makhleb.
  2004 | D:2      | Became a worshipper of Makhleb the Destroyer
  2066 | D:3      | Reached skill level 6 in Long Blades
  2336 | D:2      | Reached skill level 5 in Armour
  2640 | D:3      | Reached * piety under Makhleb
  2837 | D:3      | Reached XP level 7. HP: 60/60 MP: 6/6
  3159 | D:4      | Noticed Menkaure
  3167 | D:4      | Killed Menkaure
  3167 | D:4      | Reached skill level 7 in Long Blades
  4019 | D:4      | Reached skill level 8 in Long Blades
  4255 | D:5      | Entered Level 5 of the Dungeon
  4336 | D:5      | Reached skill level 5 in Fighting
  4359 | D:5      | Reached XP level 8. HP: 68/68 MP: 7/7
  4390 | D:5      | Reached ** piety under Makhleb
  4461 | D:5      | Reached skill level 9 in Long Blades
  4527 | D:5      | Found a glowing drain.
  4538 | Sewer    | Entered a sewer
  4810 | Sewer    | Found a burning altar of Makhleb.
  4833 | Sewer    | Noticed Grinder
  4854 | Sewer    | Killed Grinder
  4893 | Sewer    | Reached *** piety under Makhleb
  4927 | Sewer    | Paralysed by a big kobold for 4 turns
  4936 | Sewer    | Paralysed by a big kobold for 7 turns
  4949 | Sewer    | Reached skill level 10 in Long Blades
  5196 | D:5      | Found Ochar's General Store.
  5204 | D:5      | Bought a potion of curing for 42 gold pieces
  5271 | D:5      | Reached XP level 9. HP: 74/74 MP: 8/8
  6004 | D:6      | Reached skill level 11 in Long Blades
  6167 | D:6      | Found a sparkling altar of Nemelex Xobeh.
  6399 | D:6      | Reached **** piety under Makhleb
  7060 | D:7      | Found Sonoot's Book Boutique.
  7074 | D:7      | Found a hazy altar of Hepliaklqana.
  7077 | D:7      | Found a sand-covered staircase.
  7080 | D:7      | Reached skill level 12 in Long Blades
  7086 | Ossuary  | Entered an ossuary
  7484 | D:7      | Reached XP level 10. HP: 83/84 MP: 9/9
  7577 | D:7      | Reached ***** piety under Makhleb
  7840 | D:7      | Found Fipih's Armour Shop.
  7846 | D:7      | Bought a +2 chain mail of fire resistance for 344 gold
                  | pieces
  7869 | D:7      | Found a staircase to the Ecumenical Temple.
  7948 | D:7      | Reached skill level 13 in Long Blades
  8195 | D:7      | Got an ivory dagger
  8196 | D:7      | Identified the +6 dagger of Fimbulwinter {flame, Str+4
                  | Int+9} (You found it on level 7 of the Dungeon)
  8346 | D:8      | You fall into a shaft and drop 1 floor!
  8429 | D:9      | HP: 2/86 [troll (13)]
  8461 | D:9      | Mangled by a komodo dragon

Illustrated notes

Levels and vault maps discovered:
D:1:      sevenhm_arrival_forest_fort_small_1, layout_basic, serial_glass,
          glass_columns_a, glass_columns_a, due_unseen_surprise,
          item_on_display_a, minmay_strange_pillars
D:2:      layout_basic, lightli_temple_of_fire, chequers_garden,
          minmay_tree_intersection, kennysheep_flooded_box, uniq_sigmund
D:3:      layout_loops_ring, grunt_decor_mini_mirrors
D:4:      layout_basic, uniq_menkaure
D:5:      cheibrodos_helix_gallery, layout_loops_ring, first_ration,
          serial_shops, shop, gup_sewer_entry_pipe,
          hangedman_abyss_or_decor_stagger
D:6:      kennysheep_housing_project, layout_cave_pools, kennysheep_little_box
D:7:      layout_loops_ring, overflow_temple_1_default,
          minmay_temple_entry_from_below_a, enter_ossuary_1, serial_shops,
          nicolae_shop_stone, shop_fountains, minmay_diced_spiral
D:8:      layout_cave_pools, lemuel_doored_altar, the_bakery
D:9:      layout_basic, gammafunk_temple_overflow_wave, david_lair_shrubbed,
          serial_park_tiny_1

Skill      XL: |  1  2  3  4  5  6  7  8  9 10 |
---------------+-------------------------------+-----
Armour         | 4 5 6 7 |  7.9
Shields        | 4 5 7 9 |  9.7
Fighting       | 4 5 6 7 |  7.1
Long Blades    | 3 5 6 8 10 12 13 | 13.3

Action                   |  1- 3 |  4- 6 |  7- 9 | 10-12 || total
-------------------------+-------+-------+-------+-------++-------
Melee: Long sword        |    97 |   136 |   573 |   188 ||   994
       Headbutt          |    10 |    23 |   121 |    28 ||   182
  Use: Scroll            |       |       |    19 |     2 ||    21
       Potion            |       |       |     1 |     2 ||     3
  Eat: Chunk             |     1 |     6 |    10 |     1 ||    18
       Ration            |       |       |     2 |       ||     2
Armor: Scale mail        |    49 |    49 |       |       ||    98
       Chain mail        |       |       |   244 |   105 ||   349
       Skin              |       |       |       |     6 ||     6
Dodge: Dodged            |    41 |    29 |   140 |    36 ||   246
Block: Kite shield       |    70 |    69 |   369 |   138 ||   646
       Rpst.: Long sword |     8 |     6 |    34 |    10 ||    58
